 Dungeon Sprint DCSS version 0.26-a0-720-g2a1d101370 (webtiles) character file.

Game seed: 14919318751358465479

8840 mhtbhm the Severer (level 11, -4/111 HPs)
             Began as a Minotaur Fighter on Nov 2, 2020.
             Was the Champion of Trog.
             Slain by a catoblepas (9 damage)
             ... while petrified by you
             ... in the Dungeon (Sprint VII: "The Pits").
             The game lasted 00:04:30 (1701 turns).

mhtbhm the Severer (Minotaur Fighter)               Turns: 1701, Time: 00:04:31

Health: -4/111     AC: 17    Str: 30    XL:     11   Next: 15%
Magic:  3/3        EV:  2    Int: 10    God:    Trog [******]
Gold:   0          SH:  0    Dex: 10    Spells: 10/10 levels left

rFire    . . .     SeeInvis .   a - +5 broad axe of Impeachment {antimagic, rElec rPois Int+5}
rCold    . . .     Faith    .   c - +0 kite shield
rNeg     + + +     Spirit   .   b - +5 ring mail
rPois    ∞         Reflect  .   (helmet restricted)
rElec    +         Harm     .   w - +1 cloak
rCorr    .         Rampage  .   (no gloves)
MR       .....     NoTele   +   r - +0 pair of boots
Stlth    +.........             (no amulet)
HPRegen  0.28/turn              o - +3 ring of strength
MPRegen  0.08/turn              n - +3 ring of strength

@: petrified, slowed
A: retaliatory headbutt, horns 2
a: Berserk, Trog's Hand, Brothers in Arms, Renounce Religion


You were in the Dungeon.
You worshipped Trog.
Trog was exalted by your worship.
You visited 1 branch

Inventory:

Hand Weapons
 a - the +5 broad axe of Impeachment (weapon) {antimagic, rElec rPois Int+5}
   (Trog gifted it to you in the Dungeon)

   It reduces the magical energy of the wielder, and disrupts the spells and
   magical abilities of those hit.
   Natural abilities and divine invocations are not affected.
   It affects your intelligence (+5).
   It insulates you from electricity.
   It protects you from poison.
 t - a +4 vorpal broad axe
Missiles
 s - 17 javelins (quivered)
 u - 7 curare-tipped darts
Armour
 b - a +5 ring mail (worn)
 c - a +0 kite shield (worn)
 r - a +0 pair of boots (worn)
 w - a +1 cloak (worn)
Jewellery
 n - a +3 ring of strength (right hand)
 o - a +3 ring of strength (left hand)
Wands
 v - a wand of polymorph (7)
Scrolls
 j - a scroll of blinking
 l - 3 scrolls of remove curse
 m - a scroll of summoning
Potions
 d - 3 potions of might
 e - 6 potions of curing
 f - 12 potions of heal wounds
 g - a potion of haste
 h - 4 potions of magic
 i - 3 potions of berserk rage
 k - 2 potions of invisibility
 p - a potion of resistance
 q - 2 potions of mutation


   Skills:
 + Level 14.5 Fighting
 + Level 18.8 Axes
 + Level 13.9 Armour
 + Level 5.7 Dodging
 + Level 2.6 Stealth
 + Level 14.5 Shields


You had 10 spell levels left.
You didn't know any spells.
Your spell library was empty.

Dungeon Overview and Level Annotations

Branches:
Dungeon (1/1)

Altars:
Ashenzari
Cheibriados
Dithmenos
Elyvilon
Fedhas
Gozag
Hepliaklqana
Kikubaaqudgha
Makhleb
Nemelex Xobeh
Okawaru
Qazlal
Ru
Sif Muna
Trog
Uskayaw
Vehumet
Wu Jian
Xom
Yredelemnul
Zin
The Shining One
Beogh
Jiyva
Lugonu


Innate Abilities, Weirdness & Mutations

You reflexively headbutt those who attack you in melee.
You have a pair of horns on your head.


Message History

You feel as though you will be slow longer.
You are engulfed in calcifying dust.
The big kobold hits you but does no damage.
The catoblepas gores you!!
* * * LOW HITPOINT WARNING * * *
The big kobold hits you but does no damage.
Something hits you!
* * * LOW HITPOINT WARNING * * *
Something drains your vigour!
You feel as though you will be slow longer.
A wolf comes into view.
The big kobold hits you with a +0 dagger.
The catoblepas gores you.
* * * LOW HITPOINT WARNING * * *
Something hits you.
The big kobold hits you but does no damage.
The wolf howls!
The big kobold hits you but does no damage.
The catoblepas gores you!!
You die...

.##..#..##...## ...#
.##..#..#.....# Y..#
###..'.)†.....+ ...+
###..#.†#.....# ...#
[##..#..##...## (..#
[##..##..##'##
##h..##
)##..)##.+..)+
##KKk..#
)##....###...###Y{K#
)##......#...'.K@K##
###################


You could see a catoblepas, a lindwurm, 2 big kobolds, a wolf and 3 kobolds.

Vanquished Creatures
  A minotaur (D)
  A two-headed ogre (D)
  Sonja (D)
  A shadow wraith (D)
  A spriggan druid (D)
  A flayed ghost (D)
  A deep elf mage (D)
  A guardian serpent (D)
  Joseph (D)
  2 kobold demonologists (D)
  An ice devil (D)
  A wandering mushroom (D)
  A tyrant leech (D)
  A hornet (D)
  Grinder (D)
  4 slime creatures (D)
  2 spriggans (D)
  Eustachio (D)
  A fire bat (D)
  2 water moccasins (D)
  2 swamp drakes (D)
  An ogre (D)
  A bullfrog (D)
  4 big kobolds (D)
  A scorpion (D)
  3 killer bees (D)
  Crazy Yiuf (D)
  An iron imp (D)
  A gnoll shaman (D)
  A mummy (D)
  5 gnolls (D)
  A river rat (D)
  An adder (D)
  A white imp (D)
  An ooze (D)
  An orc (D)
  A bat (D)
  2 giant cockroaches (D)
  3 hobgoblins (D)
  4 jackals (D)
  A quokka (D)
  A kobold (D)
  A leopard gecko zombie (D)
  A rat (D)
66 creatures vanquished.

Vanquished Creatures (others)
  A kobold (D)
1 creature vanquished.

Grand Total: 67 creatures vanquished

Notes
Turn   | Place    | Note
-------+----------+-------------------------------------------
     0 | D        | mhtbhm the Minotaur Fighter began the quest for the Orb.
     0 | D        | Reached XP level 1. HP: 19/19 MP: 0/0
    19 | D        | Found a bloodstained altar of Trog.
    19 | D        | Found a shimmering blue altar of Sif Muna.
    19 | D        | Found a viscous altar of Jiyva.
    19 | D        | Found a hazy altar of Hepliaklqana.
    19 | D        | Found an opulent altar of Gozag.
    20 | D        | Found a glowing golden altar of the Shining One.
    20 | D        | Found a glowing silver altar of Zin.
    20 | D        | Found a basalt altar of Yredelemnul.
    20 | D        | Found a shimmering altar of Xom.
    20 | D        | Found an ornate altar of the Wu Jian Council.
    20 | D        | Found a sacrificial altar of Ru.
    20 | D        | Found a stormy altar of Qazlal.
    20 | D        | Found an iron altar of Okawaru.
    20 | D        | Found a sparkling altar of Nemelex Xobeh.
    20 | D        | Found a burning altar of Makhleb.
    20 | D        | Found a blossoming altar of Fedhas.
    20 | D        | Found a white marble altar of Elyvilon.
    20 | D        | Found a shadowy altar of Dithmenos.
    20 | D        | Found a snail-covered altar of Cheibriados.
    22 | D        | Found a radiant altar of Vehumet.
    22 | D        | Found a corrupted altar of Lugonu.
    22 | D        | Found a roughly hewn altar of Beogh.
    24 | D        | Became a worshipper of Trog the Wrathful
    64 | D        | Reached XP level 2. HP: 25/28 MP: 1/1
   100 | D        | Reached * piety under Trog
   101 | D        | Reached skill level 3 in Axes
   103 | D        | Reached ** piety under Trog
   103 | D        | Reached skill level 5 in Armour
   104 | D        | Reached skill level 5 in Fighting
   155 | D        | Reached skill level 5 in Shields
   161 | D        | Reached *** piety under Trog
   165 | D        | Reached XP level 3. HP: 29/36 MP: 2/2
   250 | D        | Noticed a fire bat
   251 | D        | Noticed a bullfrog
   261 | D        | Reached skill level 4 in Axes
   263 | D        | Killed a bullfrog
   263 | D        | Reached skill level 5 in Axes
   263 | D        | Reached XP level 4. HP: 41/45 MP: 3/3
   263 | D        | Killed a fire bat
   263 | D        | Reached **** piety under Trog
   263 | D        | Reached skill level 7 in Axes
   263 | D        | Reached XP level 5. HP: 48/53 MP: 4/4
   265 | D        | Reached skill level 8 in Axes
   265 | D        | Reached XP level 6. HP: 56/61 MP: 5/5
   266 | D        | Reached ***** piety under Trog
   272 | D        | Received a gift from Trog
   290 | D        | Got a pitted war axe {god gift}
   291 | D        | Identified the +4 war axe of Trog's Esteem {vorpal, +Inv
                  | rElec rC+ Int-2} (Trog gifted it to you in the Dungeon)
   384 | D        | Noticed a two-headed ogre
   389 | D        | Killed a two-headed ogre
   389 | D        | Reached skill level 10 in Fighting
   389 | D        | Reached skill level 12 in Axes
   389 | D        | Reached skill level 10 in Armour
   389 | D        | Reached skill level 1 in Dodging
   389 | D        | Reached skill level 10 in Shields
   389 | D        | Reached XP level 7. HP: 72/72 MP: 6/6
   477 | D        | Noticed Grinder
   482 | D        | Reached XP level 8. HP: 79/79 MP: 7/7
   489 | D        | Paralysed by Grinder for 6 turns
   502 | D        | Killed Grinder
   502 | D        | Reached skill level 13 in Axes
   539 | D        | Noticed a flayed ghost
   554 | D        | Killed a flayed ghost
   554 | D        | Reached skill level 14 in Axes
   680 | D        | Found a hide-covered altar of Uskayaw.
   680 | D        | Found an ancient bone altar of Kikubaaqudgha.
   680 | D        | Found a broken altar of Ashenzari.
   707 | D        | Noticed a deep elf mage
   716 | D        | Reached XP level 9. HP: 89/89 MP: 8/8
   766 | D        | Noticed a minotaur
   774 | D        | Reached ****** piety under Trog
   781 | D        | Killed a minotaur
   781 | D        | Reached skill level 16 in Axes
   970 | D        | Killed a deep elf mage
   970 | D        | Received a gift from Trog
  1006 | D        | Noticed Joseph
  1006 | D        | Noticed a spriggan druid
  1018 | D        | Killed Joseph
  1021 | D        | Killed a spriggan druid
  1021 | D        | Reached skill level 17 in Axes
  1021 | D        | Reached XP level 10. HP: 83/99 MP: 9/9
  1094 | D        | Noticed a guardian serpent
  1096 | D        | Noticed a spriggan rider
  1100 | D        | Killed a guardian serpent
  1104 | D        | Received a gift from Trog
  1175 | D        | Noticed Sonja
  1194 | D        | Killed Sonja
  1194 | D        | Reached skill level 18 in Axes
  1199 | D        | Reached skill level 5 in Dodging
  1199 | D        | Received a gift from Trog
  1471 | D        | Noticed Crazy Yiuf
  1476 | D        | Reached skill level 1 in Stealth
  1479 | D        | Killed Crazy Yiuf
  1606 | D        | Killed a shadow wraith
  1627 | D        | Received a gift from Trog
  1627 | D        | Reached XP level 11. HP: 105/110 MP: 10/10
  1633 | D        | Got a smoking broad axe {god gift}
  1634 | D        | Identified the +5 broad axe of Impeachment {antimagic,
                  | rElec rPois Int+5} (Trog gifted it to you in the Dungeon)
  1650 | D        | Noticed Eustachio
  1656 | D        | Killed Eustachio
  1667 | D        | Noticed a sun demon
  1667 | D        | Noticed a catoblepas
  1670 | D        | Received a gift from Trog
  1697 | D        | Noticed a lindwurm
  1700 | D        | HP: 5/111 [catoblepas (3)]
  1701 | D        | Slain by a catoblepas

Illustrated notes

Levels and vault maps discovered:
D:        pitsprint [storerooms_1, entrance_room_1, metal_vault_6, armoury_1,
          mini_pit_1, grid_room_1, main_hall_1, silver_pit, the_coven_1,
          the_vestibule_1, steel_vault_5, golden_pit, hallway_of_sentries,
          crystal_vault_1, iron_vault_4, final_vault]

Skill      XL: |  1  2  3  4  5  6  7  8  9 10 11 |
---------------+----------------------------------+-----
Fighting       | 4 5 6 7 8 10 11 12 14 | 14.5
Armour         | 4 5 6 8 10 11 12 13 | 13.9
Shields        | 4 5 6 8 10 11 12 14 | 14.5
Axes           | 3 5 7 8 12 14 17 18 | 18.8
Dodging        | 1 2 4 5 |  5.7
Stealth        | 1 2 |  2.6

Action                   |  1- 3 |  4- 6 |  7- 9 | 10-12 || total
-------------------------+-------+-------+-------+-------++-------
Melee: War axe           |     5 |     5 |    55 |    49 ||   114
       Hand axe          |    34 |    11 |       |       ||    45
       Headbutt          |     4 |     3 |    12 |    14 ||    33
       Broad axe         |       |       |       |    26 ||    26
Invok: Berserk           |     1 |     1 |     3 |     2 ||     7
  Use: Potion            |       |       |     1 |       ||     1
 Stab: Petrified         |       |       |       |     7 ||     7
Armor: Scale mail        |     7 |       |       |       ||     7
       Chain mail        |     9 |     7 |     7 |       ||    23
       Ring mail         |       |       |     2 |    31 ||    33
Dodge: Dodged            |    15 |     5 |    10 |    21 ||    51
Block: Kite shield       |    22 |     5 |    23 |    45 ||    95

Table legend: (Time is in decaauts)
 A = Elapsed time spent in this place.
 B = Non-inter-level travel time spent in this place.
 C = Inter-level travel time spent in this place.
 D = Time resting spent in this place.
 E = Time spent auto-exploring this place.
 F = Levels seen in this place.
 G = Mean time per level.
                   A        B        C        D        E       F      G
               +--------+--------+--------+--------+--------+-----+--------+
         Total |   1767 |   1767 |      0 |    936 |    111 |   1 | 1767.0 |
       Dungeon |   1767 |   1767 |      0 |    936 |    111 |   1 | 1767.0 |
               +--------+--------+--------+--------+--------+-----+--------+

Top non-repeatable levels by time:
       D: 1767 daAuts
